 Dungeon Crawl Stone Soup version 0.30.0-19-g36f170ea60 (webtiles) character file.

Game seed: 2725821055396214507

1179 monsoonserge the Insei (level 8, -3/68 HPs)
             Began as a Naga Transmuter on May 29, 2023.
             Was a Believer of Cheibriados.
             Slain by an iguana (10 damage)
             ... on level 6 of the Dungeon.
             The game lasted 00:17:49 (5292 turns).

monsoonserge the Insei (Naga Transmuter)            Turns: 5292, Time: 00:17:50

Health: -3/68      AC:  2    Str: 17    XL:     8   Next: 42%
Magic:  10/12      EV: 22    Int: 21    God:    Cheibriados [**....]
Gold:   287        SH:  0    Dex: 22    Spells: 7/13 levels left

rFire   . .          .
                       - Unarmed
rCold   . . .        (shield currently unavailable)
rNeg    + . .        a - melded +0 robe
rPois   x            (helmet currently unavailable)
rElec   .            E - melded +0 cloak
rCorr   .            t - melded +0 pair of gloves
SInv    +            (no barding)
Will    +....        (no amulet)
Stlth   +++          C - ring of positive energy
HPRegen 0.31/turn    (no ring)
MPRegen 0.13/turn

%: no passive effects
@: spider-form (expiring), very slow
A: venomous fangs, AC +2, tiny, see invisible, (deformed body), (poison
resistance), (slowness 2), spit poison 1, (naga tail 1)
a: Spit Poison, End Transformation, Renounce Religion, Bend Time


You were on level 6 of the Dungeon.
You worshipped Cheibriados.
Cheibriados was pleased with you.
You were a venomous arachnid creature.
You visited 2 branches of the dungeon, and saw 7 of its levels.

You collected 287 gold pieces.

Inventory:

Missiles
 e - 4 curare-tipped darts
 A - 4 boomerangs
 B - 2 throwing nets
 G - 4 poisoned darts (quivered)
Armour
 a - a +0 robe (melded)
 t - a +0 pair of gloves (melded)
 E - a +0 cloak (melded)
 J - a +0 tower shield
Magical Staves
 g - a staff of air
 j - a staff of death
 y - a staff of fire
Jewellery
 C - a ring of positive energy (left front pincers)
Wands
 x - a wand of light (3)
 z - a wand of roots (8)
 D - a wand of flame (17)
 I - a wand of charming (3)
Scrolls
 d - 4 scrolls of teleportation {unknown}
 f - 2 scrolls of enchant armour {unknown}
 h - 3 scrolls of identify {unknown}
 i - a scroll of fog {unknown}
 k - 3 scrolls of magic mapping {unknown}
 l - a scroll of noise {unknown}
 n - 2 scrolls of enchant weapon {unknown}
 p - a scroll of silence {unknown}
 s - a scroll of fear {unknown}
 F - a scroll of immolation {unknown}
 H - a scroll of blinking {unknown}
Potions
 b - 2 potions of degeneration {unknown}
 c - 3 potions of curing
 m - a potion of attraction {unknown}
 o - a potion of magic {unknown}
 q - 2 potions of brilliance {unknown}
 r - 2 potions of flight {unknown}
 u - a potion of cancellation {unknown}
 v - a potion of mutation {unknown}
 w - 2 potions of heal wounds {unknown}


   Skills:
 + Level 2.4 Fighting
 + Level 3.6 Dodging
 - Level 3.0 Stealth
 + Level 6.7 Unarmed Combat
 - Level 3.0 Spellcasting
 + Level 3.8 Transmutations
 + Level 2.2 Poison Magic
 - Level 3.0 Invocations
 + Level 0.8 Evocations


You had 7 spell levels left.
You knew the following spells:

 Your Spells              Type           Power      Damage    Failure   Level
a - Beastly Appendage     Tmut           38%        N/A       10%         1
b - Wereblood             Tmut           19%        N/A       13%         2
c - Spider Form           Tmut/Pois      15%        N/A       28%         3

Your spell library contained the following spells:

 Spells                   Type           Power      Damage    Failure   Level
 Passwall                 Tmut/Erth      9%         N/A       22%         2
 Sandblast                Erth           6%         2d5       30%         1
 Call Canine Familiar     Summ           3%         N/A       58%         3
 Portal Projectile        Hex/Tloc       6%         N/A       58%         3
 Stone Arrow              Conj/Erth      6%         3d7       58%         3
 Ice Form                 Ice/Tmut       11%        N/A       73%         4
 Leda's Liquefaction      Hex/Erth       1%         N/A       91%         4


Dungeon Overview and Level Annotations

Branches:
Dungeon (6/15)             Temple (1/1) D:4

Altars:
Ashenzari
Cheibriados
Elyvilon
Fedhas
Kikubaaqudgha
Nemelex Xobeh
Ru
Sif Muna
Trog
The Shining One

Shops:
D:1 !


Innate Abilities, Weirdness & Mutations

You are a venomous arachnid creature.
You have venomous fangs.
You are tiny and dextrous.
Your spellcasting is less reliable in this form.
Your armour is entirely melded.
You are incapable of wielding weapons or throwing items.
((Your serpentine skin is tough. (AC +2)))
You have supernaturally acute eyesight. (SInv)
((Armour fits poorly on your strangely shaped body.))
((Your system is resistant to poisons. (rPois)))
((You cover ground very slowly.))
You can spit poison.
((You have a snake-like lower body.))


Message History

The bolt of light hits the white imp!
You kill the white imp!
Cheibriados appreciates the change of pace.
The bolt of light hits the scorpion!
The scorpion is severely wounded.
The scorpion is blinded.
The bolt of light hits the troll!
The troll is moderately wounded.
The troll is blinded.
The bolt of light hits the adder!!
You kill the adder!
Cheibriados thoroughly appreciates the change of pace.
Cheibriados raises the support of your attributes as your movement slows.
Your transformation is almost over.
You barely miss the scorpion.
The scorpion is severely wounded.
The scorpion stings you.
* * * LOW HITPOINT WARNING * * *
The orc warrior completely misses you.
Press: ? - help, v - describe, . - travel
Here: a scorpion (severely wounded, blind)
The floor.
You catch the helpless scorpion completely off-guard!
You bite the scorpion!
You kill the scorpion!
Cheibriados thoroughly appreciates the change of pace.
The orc warrior completely misses you.
You barely miss the orc warrior.
The orc warrior is heavily wounded.
You hit the orc warrior.
The orc warrior is poisoned.
The orc warrior is severely wounded.
The orc warrior completely misses you.
You bite the iguana!
The iguana is poisoned.
The iguana is severely wounded.
The iguana bites you!
* * * LOW HITPOINT WARNING * * *
The orc warrior closely misses you.
It was a potion of curing.
You feel better.
You kill the orc warrior!
Cheibriados appreciates the change of pace.
The iguana bites you!
You die...

#.# #.# #.# #.#
### #.# #.# 5
..# #.# #.. ..
#.# #.# ### #z
#.# #.# . ..
#.# #.#
...#.##.#####.#
..#.†o†szT)s..#
#?...†..5l...#
..#..##†#####.#
...# #.# ....
.. #)# #.###
..# #.# ..# #.#
.#.# .# .#.#


You could see a troll (blind), a scorpion, an iguana (very poisoned), a wight, a
white imp and an orc.

Vanquished Creatures
  A troll (D:6)
  Eustachio (D:4)
  An ice beast (D:5)
  An orc warrior (D:6)
  3 scorpions
  A vampire bat (D:4)
  2 hounds
  3 sleepcaps
  Crazy Yiuf (D:4)
  4 iguanas
  6 gnolls
  9 adders
  A shadow imp (D:5)
  A white imp (D:6)
  3 worms
  A dart slug (D:1)
  13 orcs
  10 bats
  7 endoplasms
  2 giant cockroaches
  6 hobgoblins
  2 jackals (D:2)
  3 kobolds
  A quokka (D:4)
  6 ball pythons
  A frilled lizard (D:1)
  3 goblins
  A rat (D:3)
94 creatures vanquished.

Notes
Turn   | Place    | Note
-------+----------+-------------------------------------------
     0 | D:1      | monsoonserge the Naga Transmuter began the quest for the
                  | Orb.
     0 | D:1      | Reached XP level 1. HP: 18/18 MP: 3/3
   248 | D:1      | Found Ryeriuwk's Distillery.
   337 | D:1      | Reached XP level 2. HP: 21/25 MP: 3/5
   851 | D:2      | Reached XP level 3. HP: 11/31 MP: 6/6
  1129 | D:2      | HP: 2/46 [gnoll/+0 club (7)]
  1132 | D:2      | Reached skill level 4 in Unarmed Combat
  1132 | D:2      | Reached XP level 4. HP: 3/38 MP: 7/7
  1967 | D:3      | Reached skill level 1 in Stealth
  1967 | D:3      | Reached XP level 5. HP: 36/44 MP: 8/8
  2281 | D:3      | Found a faded altar of an unknown god.
  2544 | D:4      | Found a staircase to the Ecumenical Temple.
  2558 | D:4      | Noticed Eustachio
  2565 | Temple   | Entered the Ecumenical Temple
  2766 | Temple   | Became a worshipper of Cheibriados the Contemplative
  2852 | D:4      | Killed Eustachio
  2853 | D:4      | Reached XP level 6. HP: 43/52 MP: 8/10
  3156 | D:4      | Reached skill level 5 in Unarmed Combat
  3564 | D:4      | Reached * piety under Cheibriados
  3676 | D:4      | Found a runed translucent door.
  3677 | D:4      | Noticed Crazy Yiuf
  3846 | D:4      | Learned a level 2 spell: Wereblood
  4171 | D:4      | Killed Crazy Yiuf
  4223 | D:5      | Entered Level 5 of the Dungeon
  4296 | D:5      | Reached skill level 1 in Invocations
  4296 | D:5      | Reached XP level 7. HP: 46/58 MP: 9/11
  4300 | D:5      | Learned a level 3 spell: Spider Form
  4399 | D:5      | Reached skill level 1 in Poison Magic
  4618 | D:5      | Reached ** piety under Cheibriados
  4795 | D:5      | Reached skill level 6 in Unarmed Combat
  5261 | D:6      | Noticed a troll
  5276 | D:6      | Reached XP level 8. HP: 22/67 MP: 8/12
  5276 | D:6      | Noticed a troll
  5278 | D:6      | Killed a troll
  5291 | D:6      | HP: 1/68 [iguana (8)]
  5292 | D:6      | Slain by an iguana

Illustrated notes

Levels and vault maps discovered:
D:1:      minmay_arrival_five_plusses, layout_basic, serial_shops, shop,
          amcnicky_mini_rare_corridor_liquid, st_stairs_10, minmay_tripent
D:2:      layout_basic
D:3:      layout_basic, hellmonk_ecumenical_altar_prayer_group
D:4:      layout_gridville, minmay_temple_entry_junction, roderic_batcave,
          uniq_crazy_yiuf_cottage, uniq_eustachio
D:5:      layout_rooms
D:6:      cheibrodos_fzero, layout_loops_ring
Temple:   minmay_temple_forest_path

Skill      XL: |  1  2  3  4  5  6  7  8 |
---------------+-------------------------+-----
Unarmed Combat | 4 5 6 |  6.7
Dodging        | 2 3 |  3.6
Stealth        | 1 2 3 |  3.0
Transmutations | 3 |  3.8
Spellcasting   | 3 |  3.0
Invocations    | 1 2 3 |  3.0
Poison Magic   | 2 |  2.2
Fighting       | 2 |  2.4
Evocations     | |  0.8

Action                     |  1- 3 |  4- 6 |  7- 9 || total
---------------------------+-------+-------+-------++-------
  Melee: Unarmed           |    72 |   176 |    93 ||   341
         Headbutt          |     4 |    26 |    23 ||    53
         Punch             |     1 |     2 |     1 ||     4
   Cast: Beastly Appendage |    10 |    26 |    10 ||    46
         Wereblood         |       |     1 |       ||     1
         Spider Form       |       |       |     1 ||     1
Ability: Spit Poison       |     5 |    11 |     9 ||    25
  Evoke: Wand              |       |       |     2 ||     2
    Use: Potion            |     1 |       |     1 ||     2
   Stab: Sleeping          |     1 |     2 |       ||     3
         Invisible         |       |       |     1 ||     1
 Armour: Robe              |    13 |    75 |    15 ||   103
         Skin              |    17 |     4 |       ||    21
  Dodge: Dodged            |    42 |   119 |    51 ||   212
